 Dungeon Crawl Stone Soup version 0.30-a0-578-gdee14c521f (webtiles) character file.

Game seed: 4362526383328551940

879 PyroL the Changer (level 8, 0/50 HPs)
             Began as an Octopode Transmuter on Dec 31, 2022.
             Slain by an ice beast (14 damage)
             ... on level 6 of the Dungeon.
             The game lasted 00:17:34 (6479 turns).

PyroL the Changer (Octopode Transmuter)             Turns: 6479, Time: 00:17:35

Health: 0/50       AC:  6    Str:  9    XL:     8   Next: 4%
Magic:  18/20      EV: 22    Int: 18    God:
Gold:   494        SH:  0    Dex: 17    Spells: 5/11 levels left

rFire   . . .      SeeInvis .      - Unarmed
rCold   . . .      Faith    .    (shield currently unavailable)
rNeg    . . .      Spirit   .    (helmet currently unavailable)
rPois   x          Reflect  .    (no amulet)
rElec   .          Harm     .    g - +4 ring of protection
rCorr   .          Rampage  .    f - ring of magical power
Will    .....                    v - +4 ring of slaying
Stlth   ++                       (no ring)
HPRegen 0.28/turn                (no ring)
MPRegen 0.17/turn                (no ring)
                                 (no ring)
                                 (no ring)

@: spider-form
A: venomous fangs, almost no armour, (amphibious), 8 rings, tiny, (camouflage
1), (gelatinous body 1), (nimble swimmer 1), (tentacles)
a: End Transformation


You were on level 6 of the Dungeon.
You were a venomous arachnid creature.
You visited 1 branch of the dungeon, and saw 6 of its levels.
You also visited: Sewer and Ossuary.

You collected 494 gold pieces.

Inventory:

Hand Weapons
 d - a +1 short sword of flaming (melded)
Jewellery
 f - a ring of magical power (right front leg)
 g - a +4 ring of protection (left front leg)
 v - a +4 ring of slaying (on tentacle)
Wands
 l - a wand of iceblast (9)
 u - a wand of paralysis (2)
Scrolls
 c - a scroll of enchant weapon
 h - 2 scrolls of vulnerability
 i - a scroll of teleportation {unknown}
 k - a scroll of immolation
 m - a scroll of fog {unknown}
 p - a scroll of enchant armour {unknown}
 w - 3 scrolls of amnesia
Potions
 a - 3 potions of lignification
 b - 6 potions of haste
 e - 2 potions of berserk rage
 j - 3 potions of might
 n - 2 potions of flight
 o - a potion of cancellation
 q - 2 potions of brilliance
 r - a potion of ambrosia
 s - 2 potions of attraction
 t - a potion of heal wounds
 x - a potion of curing


   Skills:
 + Level 1.8 Fighting
 - Level 5.0 Dodging
 - Level 5.0 Unarmed Combat
 - Level 2.0 Spellcasting
 - Level 5.7 Transmutations
 - Level 3.0 Poison Magic


You had 5 spell levels left.
You knew the following spells:

 Your Spells              Type           Power      Damage    Failure   Level
a - Beastly Appendage     Tmut           44%        N/A       7%          1
b - Wereblood             Tmut           22%        N/A       10%         2
c - Spider Form           Tmut/Pois      17%        N/A       22%         3

Your spell library contained the following spells:

 Spells                   Type           Power      Damage    Failure   Level
 Scorch                   Fire           2%         2d5       47%         2
 Ice Form                 Ice/Tmut       12%        N/A       71%         4
 Flame Wave               Conj/Fire      1%         2d4       96%         4
 Summon Cactus Giant      Summ           0%         N/A       100%        6


Dungeon Overview and Level Annotations

Branches:
Dungeon (6/15)              Sewer (visited)         Ossuary (visited)
 Temple: D:4-7

Altars:

Shops:
D:3 *

Annotations:
D:4 exclusion: Sigmund, Menkaure
D:5 Eustachio


Innate Abilities, Weirdness & Mutations

You are a venomous arachnid creature.
You have poisonous fangs.
You are tiny and dextrous.
Your spellcasting is less reliable in this form.
Your armour is entirely melded.
You are incapable of wielding weapons or throwing items.
You cannot wear most types of armour.
((You are amphibious.))
You can wear up to eight rings at the same time.
((Your skin changes colour to match your surroundings (Stealth+).))
((Your rubbery body absorbs attacks. (AC +1, EV +1)))
((You are camouflaged when in or above water. (Stealth+)))
((You have tentacles for arms and can constrict up to eight enemies at once.))


Message History

The white imp gestures at you. The puff of frost misses you.
Casting: Beastly Appendage (safe; 1% risk of failure)
Confirm with . or Enter, or press ? or * to list all spells.
You don't know that spell.
Okay, then.
Casting: Beastly Appendage (safe; 1% risk of failure)
Confirm with . or Enter, or press ? or * to list all spells.
Your tentacle spike disappears.
You turn into a venomous arachnid creature.
Your +1 short sword of flaming melds into your body.
Your +1 short sword of flaming stops flaming.
The ice beast hits you. The ice beast freezes you! The white imp misses you.
You bite the white imp!
The white imp is heavily wounded.
You hit the ice beast.
The ice beast is severely wounded.
The ice beast misses you. The white imp completely misses you.
The ice beast attacks as you move away! The ice beast closely misses you.
The white imp attacks as you move away! The white imp barely misses you.
The ice beast attacks as you move away! The ice beast hits you.
The ice beast freezes you!
* * * LOW HITPOINT WARNING * * *
The white imp attacks as you move away! The white imp barely misses you.
You hit the ice beast but do no damage.
The ice beast is severely wounded.
The ice beast misses you. The white imp barely misses you.
The ice beast attacks as you move away! The ice beast completely misses you.
You hit the ice beast.
The ice beast is severely wounded.
The ice beast hits you but does no damage.
You hit the ice beast.
The ice beast is almost dead.
The ice beast completely misses you.
You barely miss the ice beast.
The ice beast is almost dead.
The ice beast hits you.
* * * LOW HITPOINT WARNING * * *
The ice beast freezes you!
You die...

#.# #.###.#.#
#.#####.###.#.#
#.......#<..#.#
#############.#
..#.# ###.#.#
..#.#.#
##.#.#.#
..#s#.#
#.#Y#.##
#.#5...#
#...#### #)#..#
#.##.# #. .# #.
.# #. .#


You could see an ice beast and a white imp.

Vanquished Creatures
  Sigmund (D:4)
  Duvessa (D:5)
  Pargi (Sewer)
  Dowan (D:5)
  Crazy Yiuf (D:3)
  2 hounds (D:5)
  A jelly (D:5)
  8 mummies (Ossuary)
  7 gnolls
  7 adders
  An ufetubus (D:4)
  3 worms
  3 dart slugs
  3 orcs (D:3)
  8 ball pythons
  10 bats
  4 endoplasms
  2 giant cockroaches
  11 goblins
  13 hobgoblins
  2 jackals (D:1)
  6 quokkas
  5 frilled lizards
  2 gnoll zombies (Ossuary)
  A hobgoblin zombie (Ossuary)
  8 kobolds
  3 kobold zombies (Ossuary)
  2 orc zombies (Ossuary)
  10 rats
127 creatures vanquished.

Notes
Turn   | Place    | Note
-------+----------+-------------------------------------------
     0 | D:1      | PyroL the Octopode Transmuter began the quest for the Orb.
     0 | D:1      | Reached XP level 1. HP: 13/13 MP: 3/3
   160 | D:1      | Reached skill level 1 in Poison Magic
   190 | D:1      | Reached XP level 2. HP: 18/18 MP: 3/5
   498 | D:1      | Reached XP level 3. HP: 23/23 MP: 4/6
   540 | D:1      | Found a faded altar of an unknown god.
  1416 | D:2      | Reached XP level 4. HP: 28/28 MP: 7/7
  2582 | D:3      | Found a glowing drain.
  2591 | Sewer    | Entered a sewer
  2599 | Sewer    | Reached XP level 5. HP: 33/33 MP: 6/8
  2625 | Sewer    | Noticed Pargi
  2643 | Sewer    | Killed Pargi
  2644 | Sewer    | Reached skill level 5 in Transmutations
  2718 | D:3      | Learned a level 3 spell: Spider Form
  2833 | D:3      | Reached XP level 6. HP: 38/38 MP: 9/9
  3019 | D:3      | Found Etosoc's Assorted Antiques.
  3046 | D:3      | Found a runed translucent door.
  3047 | D:3      | Noticed Crazy Yiuf
  3059 | D:3      | Killed Crazy Yiuf
  3532 | D:4      | Found a sand-covered staircase.
  3578 | Ossuary  | Entered an ossuary
  3582 | Ossuary  | Learned a level 2 spell: Wereblood
  4360 | D:4      | Noticed Sigmund
  4530 | D:4      | Killed Sigmund
  4531 | D:4      | Reached XP level 7. HP: 23/43 MP: 8/10
  4852 | D:4      | Noticed Menkaure
  5087 | D:5      | Entered Level 5 of the Dungeon
  5087 | D:5      | Noticed Duvessa
  5087 | D:5      | Noticed Dowan
  5365 | D:5      | Killed Duvessa
  5568 | D:5      | Killed Dowan
  5603 | D:5      | Noticed Eustachio
  5693 | D:5      | Reached skill level 5 in Unarmed Combat
  5950 | D:5      | Reached skill level 5 in Dodging
  5950 | D:5      | Reached XP level 8. HP: 45/48 MP: 11/11
  6479 | D:6      | Slain by an ice beast

Illustrated notes

Levels and vault maps discovered:
D:1:      dpeg_arrival_prison, layout_basic, ebering_ecumenical_altar_box,
          minmay_ruptured
D:2:      kennysheep_six_static_rooms, layout_basic
D:3:      layout_basic, gup_sewer_entry_bubbles, serial_shops, shop,
          uniq_crazy_yiuf_cottage
D:4:      layout_loops_corners, nicolae_ossuary_entry_false_entrances,
          uniq_sigmund, uniq_menkaure
D:5:      layout_basic, dreamdust_gnoll_farm, uniq_eustachio, uniq_duvessa
D:6:      layout_basic, kennysheep_nondescript, nicolae_sextant

Skill      XL: |  1  2  3  4  5  6  7 |
---------------+----------------------+-----
Poison Magic   | 1 2 3 |  3.0
Transmutations | 3 4 5 |  5.7
Dodging        | 3 5 |  5.0
Unarmed Combat | 4 5 |  5.0
Fighting       | |  1.8
Spellcasting   | |  2.0

Action                   |  1- 3 |  4- 6 |  7- 9 || total
-------------------------+-------+-------+-------++-------
Melee: Unarmed           |     9 |     6 |    54 ||    69
       Constrict         |    20 |    39 |     2 ||    61
       Tentacles         |    10 |    27 |     4 ||    41
       Short sword       |    64 |   146 |    11 ||   221
       Kick              |    17 |    49 |     1 ||    67
       Punch             |     1 |     4 |       ||     5
 Cast: Beastly Appendage |    30 |    34 |     5 ||    69
       Wereblood         |       |     4 |     1 ||     5
       Spider Form       |       |     1 |     8 ||     9
  Use: Scroll            |       |    14 |     1 ||    15
       Potion            |       |     4 |       ||     4
 Stab: Sleeping          |     5 |     2 |     3 ||    10
Armor: Skin              |    11 |    23 |     8 ||    42
Dodge: Dodged            |    31 |    95 |    73 ||   199

Table legend: (Time is in decaauts)
 A = Elapsed time spent in this place.
 B = Non-inter-level travel time spent in this place.
 C = Inter-level travel time spent in this place.
 D = Time resting spent in this place.
 E = Time spent auto-exploring this place.
 F = Levels seen in this place.
 G = Mean time per level.
                   A        B        C        D        E       F      G
               +--------+--------+--------+--------+--------+-----+--------+
         Total |   6498 |   6226 |    272 |    967 |   3913 |   8 |  812.2 |
       Dungeon |   5771 |   5499 |    272 |    650 |   3756 |   6 |  961.8 |
         Sewer |    122 |    122 |      0 |     16 |     26 |   1 |  122.0 |
       Ossuary |    604 |    604 |      0 |    300 |    131 |   1 |  604.0 |
               +--------+--------+--------+--------+--------+-----+--------+

Top non-repeatable levels by time:
     D:4: 1283 daAuts
     D:3: 1175 daAuts
     D:1: 1144 daAuts
     D:5: 1081 daAuts
     D:2: 1011 daAuts
 Ossuary: 604 daAuts
   Sewer: 122 daAuts
     D:6: 75 daAuts
